 Dungeon Crawl Stone Soup version 0.29.1-15-g9cfb28693d (webtiles) character file.

Game seed: 15642557659963247758

7 leafyfresh the Sneak (level 2, -1/21 HPs)
             Began as an Octopode Delver on Mar 5, 2023.
             Slain by a sky beast (5 damage)
             ... on level 6 of the Dungeon.
             The game lasted 00:00:25 (364 turns).

leafyfresh the Sneak (Octopode Delver)               Turns: 364, Time: 00:00:27

Health: -1/21      AC:  1    Str: 11    XL:     2   Next: 0%
Magic:  2/2        EV: 13    Int: 12    God:
Gold:   45         SH:  0    Dex: 13    Spells: 1/1 levels left

rFire   . . .      SeeInvis .   a - +0 short sword
rCold   . . .      Faith    .   (no shield)
rNeg    . . .      Spirit   .   (helmet restricted)
rPois   .          Reflect  .   (no amulet)
rElec   .          Harm     .   (no ring)
rCorr   .          Rampage  .   (no ring)
Will    .....                   (no ring)
Stlth   ++++......              (no ring)
HPRegen 0.07/turn               (no ring)
MPRegen 0.08/turn               (no ring)
                                (no ring)
                                (no ring)

@: no status effects
A: almost no armour, amphibious, 8 rings, camouflage 1, gelatinous body 1,
(nimble swimmer 1), tentacles
a: no special abilities


You were on level 6 of the Dungeon.
You visited 1 branch of the dungeon, and saw 2 of its levels.

You collected 45 gold pieces.

Inventory:

Hand Weapons
 a - a +0 short sword (weapon)
 g - a +0 longbow
Wands
 f - a wand of digging (3)
Scrolls
 b - a scroll of fog
 c - a scroll of magic mapping
 d - 2 scrolls of fear
 h - a scroll of identify {unknown}
Potions
 e - a potion of haste
 i - a potion of ambrosia {unknown}


   Skills:
 + Level 3.1 Fighting
 - Level 2.0 Short Blades
 + Level 2.2 Dodging
 + Level 6.8 Stealth


You had one spell level left.
You didn't know any spells.
Your spell library was empty.

Dungeon Overview and Level Annotations

Branches:
Dungeon (6/15)
 Temple: D:4-7

Altars:
Hepliaklqana


Innate Abilities, Weirdness & Mutations

You cannot wear most types of armour.
You are amphibious.
You can wear up to eight rings at the same time.
Your skin changes colour to match your surroundings (Stealth+).
Your rubbery body absorbs attacks. (AC +1, EV +1)
((You are camouflaged when in or above water. (Stealth+)))
You have tentacles for arms and can constrict up to eight enemies at once.


Message History

HP restored.
You see here a +0 sling.
Found an escape hatch in the floor.
h - a scroll labelled ALUHIDDUSU No target in view!
You now have 18 gold pieces.
i - a coppery potion No target in view!
You now have 34 gold pieces (gained 16).
You now have 45 gold pieces (gained 11).
d - 2 scrolls of fear (gained 1)
Found a stone staircase leading down.
No target in view!
A necrophage comes into view.
A necrophage is nearby!
You shoot an arrow.
The arrow hits the necrophage but does no damage.
No target in view!
A sky beast comes into view.
You shoot an arrow. The arrow hits the necrophage!
The necrophage is moderately damaged.
You shoot an arrow. The arrow hits the necrophage.
The necrophage is moderately damaged.
a - a +0 short sword (weapon)
Unknown command.
You barely miss the necrophage. You grab the necrophage.
The necrophage is moderately damaged.
You constrict the necrophage. The necrophage hits you!
You hit the necrophage. You squeeze the necrophage.
The necrophage is heavily damaged.
You constrict the necrophage. The necrophage hits you.
The sky beast barely misses you.
You hit the necrophage but do no damage.
You squeeze the necrophage!
The necrophage is almost destroyed.
You constrict the necrophage, but do no damage.
The necrophage hits you. The sky beast hits you.
* * * LOW HITPOINT WARNING * * *
The sky beast shocks you.
You die...

....># #.....# ......#
#.....# #.....# ##....
###..# # ###..Yn# #.
###.....@#
..##.###...###..#
#........#.# ##..#
#..###..##.# ##..#
...........## #.# #
..........<.# ... .###
#..........#.# ##. ...#
#............########..#.##
#...........).......#.....#


You could see a sky beast and a necrophage.

Vanquished Creatures
  A white imp (D:6)
1 creature vanquished.

Notes
Turn   | Place    | Note
-------+----------+-------------------------------------------
     0 | D:5      | leafyfresh the Octopode Delver began the quest for the Orb.
     0 | D:5      | Reached XP level 1. HP: 16/16 MP: 1/1
     2 | D:5      | Found a hazy altar of Hepliaklqana.
    30 | D:6      | Reached XP level 2. HP: 2/21 MP: 2/2
   356 | D:6      | Noticed a necrophage
   358 | D:6      | Noticed a sky beast
   364 | D:6      | Slain by a sky beast

Illustrated notes

Levels and vault maps discovered:
D:5:      layout_rooms, nicolae_overflow_hidden_temple, fedhas_altar_1,
          nemelex_diamond_rough_becter, minmay_checkerbox
D:6:      layout_rooms, mainiacjoe_overflow_boulevard,
          minmay_temple_entry_sparse_star, minmay_manual_mandibuliform

Action                   || total
-------------------------++-------
Melee: Short sword       ||     3
       Tentacles         ||     2
       Constrict         ||     1
 Fire: Longbow           ||     9
Dodge: Dodged            ||     2
